 Dungeon Crawl Stone Soup version 0.30-a0-223-gcb0039aa0c (webtiles) character file.

Game seed: 10045297725260459479

1212 qw the Cleaver (level 8, -1/49 HPs)
             Began as a Gargoyle Fighter on Oct 9, 2022.
             Slain by a two-headed ogre
             ... wielding a +0 giant spiked club
              (7 damage)
             ... on level 6 of the Dungeon.
             The game lasted 00:01:48 (5020 turns).

qw the Cleaver (Gargoyle Fighter)                   Turns: 5020, Time: 00:01:49

Health: -1/49      AC: 20    Str: 28    XL:     8   Next: 46%
Magic:  8/8        EV:  8    Int:  9    God:
Gold:   288        SH:  4    Dex:  9    Spells: 7/7 levels left

rFire   . . .      SeeInvis .    Y - +5 broad axe (vorpal)
rCold   . . .      Faith    .    c - +0 buckler
rNeg    + . .      Spirit   .    f - +0 chain mail
rPois   inf        Reflect  .    h - +2 helmet
rElec   +          Harm     .    o - +1 cloak
rCorr   .          Rampage  .    (no gloves)
Will    .....                    (no boots)
Stlth   ..........               (no amulet)
HPRegen 0.28/turn                i - +6 ring of strength
MPRegen 0.11/turn                (no ring)

@: about to teleport
A: sickness immunity, AC +5, negative energy resistance 1, electricity
resistance, torment resistance 1, petrification resistance
a: no special abilities


You were on level 6 of the Dungeon.
You visited 1 branch of the dungeon, and saw 6 of its levels.

You collected 288 gold pieces.


Innate Abilities, Weirdness & Mutations

You are immune to sickness and miasma.
Your stone body is resilient. (AC +5)
You are immune to poison.
You resist negative energy. (rN+)
You are resistant to electric shocks. (rElec)
You are resistant to unholy torment.
You are immune to petrification.


   Skills:
 - Level 5.2 Fighting
 - Level 8.0 Axes
 - Level 2.0 Throwing
 + Level 3.2 Armour
 - Level 1.4 Dodging
 - Level 3.2 Shields


You had 7 spell levels left.
You didn't know any spells.
Your spell library was empty.

Inventory:

Hand Weapons
 e - a +0 flail
 Y - a +5 vorpal broad axe (weapon)
Missiles
 j - 3 boomerangs (quivered)
Armour
 c - a +0 buckler (worn)
 f - a +0 chain mail (worn)
 h - a +2 helmet (worn)
 o - a +1 cloak (worn)
Jewellery
 i - a +6 ring of strength (left hand)
Scrolls
 a - a scroll of identify
 p - a scroll of teleportation
Potions
 b - a potion of haste {unknown}
 d - 2 potions of might
 g - a potion of invisibility {unknown}
 k - a potion of mutation
 m - a potion of resistance {unknown}

Dungeon Overview and Level Annotations

Branches:
Dungeon (6/15)
 Temple: D:4-7

Altars:
Fedhas
Hepliaklqana
Yredelemnul


Message History

Press: ? - help, Dir - move target, f - you Are you sure you want to cancel this blink?
As you read the scroll labelled MUAJUMYISCHIT, it crumbles to dust.
It was a scroll of blinking.
Done exploring.
(D) Dungeon
Where to? (* - list waypoints, Enter - D:6, ? - help)
What level of the Dungeon? (default 1, ? - help)
You climb downwards.
The two-headed ogre hits you with a +0 giant spiked club.
The two-headed ogre hits you with a +0 giant club.
There is a stone staircase leading up here.
You hit the two-headed ogre.
The two-headed ogre is lightly wounded.
The two-headed ogre closely misses you.
The two-headed ogre hits you with a +0 giant club!
You hit the two-headed ogre.
The two-headed ogre is lightly wounded.
The two-headed ogre closely misses you.
The two-headed ogre hits you with a +0 giant club.
You slice the two-headed ogre!!
The two-headed ogre is heavily wounded.
You barely miss the two-headed ogre.
The two-headed ogre is heavily wounded.
You block the two-headed ogre's attack.
The two-headed ogre hits you but does no damage.
You slash the two-headed ogre!
The two-headed ogre is severely wounded.
The two-headed ogre hits you with a +0 giant spiked club!
You block the two-headed ogre's attack.
You slash the two-headed ogre!
The two-headed ogre is almost dead.
The two-headed ogre hits you with a +0 giant spiked club!
The two-headed ogre hits you with a +0 giant club.
5020 ||| READING 2 scrolls of teleportation.
As you read the scroll of teleportation, it crumbles to dust.
You feel strangely unstable. The two-headed ogre closely misses you.
The two-headed ogre hits you with a +0 giant club!
You die...

#.. ####.#####.## #.#
#...........#### #)#
#.##.#####.....# #.# #.##.#
##.##.#### ##.#
#.##.######.##..... ...#
#.##.#...........## ...# #######
#.##.#.####.####.#
#..###.....####.##...........#.#
#..............O@...#.###....#)#
#..###.#####.##.###...# #..###>#
...# #.# #.##.####.####..# #.#
#..# #.# #.##............# #.#
#..# #.# #.#######.#####.# #.#
#..###.#####.# #.# #.###.##
.............# #.#####.##..¤¤
###.%..####..#######.#...#.##.###
#.......|....>.........#.#.###.


You could see a two-headed ogre.

Vanquished Creatures
  A water moccasin (D:5)
  2 black bears (D:4)
  A sky beast (D:3)
  2 ogres
  A centaur (D:6)
  A bullfrog (D:6)
  A necrophage (D:4)
  3 hounds
  An orc priest (D:3)
  2 jellies (D:5)
  Ijyb (D:3)
  An orc wizard (D:3)
  3 gnolls (D:4)
  9 adders
  2 white imps
  A worm (D:4)
  2 dart slugs (D:1)
  12 orcs
  6 endoplasms
  6 giant cockroaches
  10 hobgoblins
  6 jackals
  2 quokkas
  7 ball pythons
  9 bats
  6 frilled lizards
  2 goblins
  8 kobolds
  6 rats
114 creatures vanquished.

Vanquished Creatures (others)
  11 plants (D:3)
11 creatures vanquished.

Grand Total: 125 creatures vanquished

Notes
Turn   | Place    | Note
-------+----------+-------------------------------------------
     0 | D:1      | qw the Gargoyle Fighter began the quest for the Orb.
     0 | D:1      | Reached XP level 1. HP: 14/14 MP: 1/1
     0 | D:1      | 0 ||| qw: Version: 0.2-a-17-g06abaee
     0 | D:1      | 0 ||| qw: Game counter: 2248
     0 | D:1      | 0 ||| qw: Always use a shield: true
     0 | D:1      | 0 ||| qw: God list: Okawaru
     0 | D:1      | 0 ||| qw: Allow faded altars: false
     0 | D:1      | 0 ||| qw: Do Orc after D:15 true
     0 | D:1      | 0 ||| qw: Do second Lair branch before Depths: true
     0 | D:1      | 0 ||| qw: Lair rune preference: random
     0 | D:1      | 0 ||| qw: Plans: Normal, Zot:1-4, God:TSO, Crypt, Tomb,
                  | Pan, Slime:5, Hells, Abyss, Orb
     0 | D:1      | 0 ||| PLANNING D:1-11
   126 | D:1      | Reached skill level 2 in Axes
   192 | D:1      | 192 ||| Stepping ~*~*~tactically~*~*~ (hiding).
   201 | D:1      | Reached XP level 2. HP: 19/19 MP: 2/2
   517 | D:1      | 517 ||| Stepping ~*~*~tactically~*~*~ (hiding).
   737 | D:1      | Reached skill level 3 in Axes
   786 | D:1      | Reached XP level 3. HP: 23/23 MP: 3/3
   970 | D:1      | 970 ||| READING scroll labelled YLOSOSTR BOSOIPT.
   994 | D:2      | 994 ||| STAIRDANCE
  1053 | D:2      | 1053 ||| Stepping ~*~*~tactically~*~*~ (stealth).
  1089 | D:2      | 1089 ||| DROPPING +0 club.
  1137 | D:2      | 1137 ||| Stepping ~*~*~tactically~*~*~ (stealth).
  1142 | D:2      | Reached skill level 1 in Throwing
  1435 | D:2      | Reached XP level 4. HP: 28/28 MP: 4/4
  1524 | D:2      | 1524 ||| UPGRADING to +2 helmet.
  1529 | D:2      | 1529 ||| UPGRADING to +6 ring of strength.
  1530 | D:2      | 1530 ||| READING scroll labelled TEITYN VOIGOG.
  1531 | D:2      | 1531 ||| READING scroll labelled YTUFICH BIEDWE.
  1693 | D:3      | Noticed a sky beast
  1695 | D:3      | Reached skill level 4 in Axes
  1697 | D:3      | 1697 ||| FLEEEEING.
  1699 | D:3      | 1699 ||| FLEEEEING.
  1700 | D:3      | 1700 ||| FLEEEEING.
  1701 | D:3      | 1701 ||| FLEEEEING.
  1702 | D:3      | 1702 ||| FLEEEEING.
  1703 | D:3      | 1703 ||| FLEEEEING.
  1707 | D:3      | 1707 ||| FLEEEEING.
  1708 | D:3      | 1708 ||| FLEEEEING.
  1709 | D:3      | 1709 ||| FLEEEEING.
  1711 | D:3      | 1711 ||| FLEEEEING.
  1712 | D:3      | 1712 ||| FLEEEEING.
  1713 | D:3      | 1713 ||| FLEEEEING.
  1714 | D:3      | 1714 ||| FLEEEEING.
  1716 | D:3      | 1716 ||| FLEEEEING.
  1728 | D:3      | Killed a sky beast
  1729 | D:3      | Reached skill level 5 in Axes
  1729 | D:3      | Reached XP level 5. HP: 28/32 MP: 5/5
  1785 | D:3      | 1785 ||| Stepping ~*~*~tactically~*~*~ (stealth).
  1842 | D:3      | 1842 ||| Stepping ~*~*~tactically~*~*~ (stealth).
  2114 | D:3      | Reached skill level 1 in Dodging
  2114 | D:3      | Reached XP level 6. HP: 34/37 MP: 6/6
  2124 | D:3      | 2124 ||| DROPPING +0 whip.
  2134 | D:3      | 2134 ||| Stepping ~*~*~tactically~*~*~ (stealth).
  2136 | D:3      | 2136 ||| Stepping ~*~*~tactically~*~*~ (stealth).
  2138 | D:3      | Noticed Ijyb
  2139 | D:3      | 2139 ||| Stepping ~*~*~tactically~*~*~ (hiding).
  2170 | D:3      | Killed Ijyb
  2533 | D:3      | 2533 ||| DROPPING +2 helmet.
  2534 | D:3      | 2534 ||| UPGRADING to +0 cloak.
  2539 | D:3      | 2539 ||| READING scroll labelled MUMUCE JOIRAZ.
  2540 | D:3      | 2540 ||| READING 2 scrolls of identify.
  2540 | D:3      | 2540 ||| IDENTIFYING fizzy yellow potion
  2645 | D:4      | HP: 8/38 [ogre/+0 giant club (25)]
  2646 | D:4      | 2646 ||| READING scroll of teleportation.
  2654 | D:4      | HP: 5/38 [orc/+0 flail (1)]
  2804 | D:4      | Noticed a black bear
  2814 | D:4      | Killed a black bear
  2815 | D:4      | Reached XP level 7. HP: 39/43 MP: 7/7
  2838 | D:4      | 2838 ||| Stepping ~*~*~tactically~*~*~ (stealth).
  2848 | D:4      | Reached skill level 6 in Axes
  3154 | D:4      | Found a basalt altar of Yredelemnul.
  3501 | D:4      | 3501 ||| Stepping ~*~*~tactically~*~*~ (stealth).
  3591 | D:4      | Reached skill level 7 in Axes
  3641 | D:4      | 3641 ||| UPGRADING to +0 chain mail.
  3651 | D:4      | 3651 ||| DROPPING +0 scale mail.
  3652 | D:4      | 3652 ||| READING scroll labelled ITOARR SESCHUC.
  3653 | D:4      | 3653 ||| READING scroll labelled ZATEUL BINN.
  3654 | D:4      | 3654 ||| READING scroll labelled WIETSASYS.
  3654 | D:4      | Identified a scroll of acquirement
  3654 | D:4      | 3654 ||| ACQUIRING +5 vorpal broad axe
  3654 | D:4      | Acquired a +5 vorpal broad axe
  3656 | D:4      | 3656 ||| SWAPPING to +5 vorpal broad axe.
  3657 | D:4      | 3657 ||| DROPPING +0 war axe.
  3658 | D:4      | 3658 ||| READING scroll labelled ATTESASS BAORR.
  3659 | D:4      | 3659 ||| DRINKING 2 bubbling purple potions.
  3660 | D:4      | 3660 ||| DROPPING potion of brilliance.
  3714 | D:5      | Entered Level 5 of the Dungeon
  3798 | D:5      | Reached XP level 8. HP: 42/49 MP: 8/8
  4035 | D:5      | 4035 ||| READING scroll of enchant armour.
  4035 | D:5      | 4035 ||| ENCHANTING +0 cloak.
  4413 | D:5      | Found a blossoming altar of Fedhas.
  4865 | D:6      | Found a hazy altar of Hepliaklqana.
  4954 | D:6      | Noticed a two-headed ogre
  4954 | D:6      | 4954 ||| Stepping ~*~*~tactically~*~*~ (stealth).
  4964 | D:6      | Reached skill level 8 in Axes
  4964 | D:6      | 4964 ||| FLEEEEING.
  4965 | D:6      | 4965 ||| FLEEEEING.
  4966 | D:6      | 4966 ||| FLEEEEING.
  4967 | D:6      | 4967 ||| FLEEEEING.
  4968 | D:6      | 4968 ||| FLEEEEING.
  4969 | D:6      | 4969 ||| FLEEEEING.
  4970 | D:6      | 4970 ||| FLEEEEING.
  4971 | D:6      | 4971 ||| FLEEEEING.
  4972 | D:6      | 4972 ||| FLEEEEING.
  4973 | D:6      | 4973 ||| FLEEEEING.
  4974 | D:6      | 4974 ||| FLEEEEING.
  4975 | D:6      | 4975 ||| FLEEEEING.
  4976 | D:6      | 4976 ||| FLEEEEING.
  4977 | D:6      | 4977 ||| FLEEEEING.
  4978 | D:6      | 4978 ||| FLEEEEING.
  4979 | D:6      | 4979 ||| FLEEEEING.
  4980 | D:6      | 4980 ||| STAIRDANCE
  5011 | D:5      | 5011 ||| READING scroll labelled MUAJUMYISCHIT.
  5019 | D:6      | HP: 10/49 [two-headed ogre/+0 giant spiked club (9)]
  5020 | D:6      | 5020 ||| READING 2 scrolls of teleportation.
  5020 | D:6      | Slain by a two-headed ogre

Levels and vault maps discovered:
D:1:      dpeg_arrival_castle, layout_basic
D:2:      layout_rooms, kennysheep_cross_room
D:3:      layout_loops_ring, chequers_avenue, lexackson_kobold_supper, uniq_ijyb
D:4:      layout_gridville, mainiacjoe_overflow_alcove_1
D:5:      layout_cave_pods, fedhas_altar_1, nrook_pool_corridor,
          kennysheep_generic_room_16
D:6:      layout_loops_ring, nzn_hepliaklqana_mist_gate,
          pdpol_wu_jian_five_deadly_venoms, lemuel_temple_firewalk_b,
          minmay_chambers_of_fives

Skill      XL: |  1  2  3  4  5  6  7  8 |
---------------+-------------------------+-----
Axes           | 2 3 5 7 8 |  8.0
Throwing       | 1 2 |  2.0
Dodging        | 1 |  1.4
Fighting       | 4 5 |  5.2
Armour         | |  3.2
Shields        | |  3.2

Action                   |  1- 3 |  4- 6 |  7- 9 || total
-------------------------+-------+-------+-------++-------
Melee: War axe           |   115 |   119 |    58 ||   292
       Broad axe         |       |       |    49 ||    49
Throw: Javelin           |    29 |    12 |     6 ||    47
       Boomerang         |       |       |    23 ||    23
  Use: Scroll            |     1 |     5 |     7 ||    13
       Potion            |       |       |     1 ||     1
Armor: Scale mail        |    72 |    66 |    21 ||   159
       Chain mail        |       |       |    34 ||    34
Dodge: Dodged            |    58 |    56 |    53 ||   167
Block: Buckler           |    27 |    24 |    25 ||    76

Table legend:
 A = Non-vault XP
 B = Vault XP
 C = Vault XP percentage of total XP
 D = Non-vault monster count
 E = Vault monster count
 F = Vault count percentage of total count
                 A         B        C        D         E       F
            +---------+---------+-------+---------+---------+-------
      Total |    1485 |     247 |  14.3 |     100 |      14 |  12.3
            +---------+---------+-------+---------+---------+-------
        D:1 |      40 |       0 |   0.0 |      23 |       0 |   0.0
        D:2 |      44 |       0 |   0.0 |      20 |       0 |   0.0
        D:3 |     320 |      46 |  12.6 |      28 |       9 |  24.3
        D:4 |     612 |       0 |   0.0 |      21 |       0 |   0.0
        D:5 |     213 |     108 |  33.6 |       4 |       4 |  50.0
        D:6 |     256 |      93 |  26.6 |       4 |       1 |  20.0
            +---------+---------+-------+---------+---------+-------
